 Dungeon Sprint DCSS version 0.20.1-1-g8b1a95d (webtiles) character file.

958 wojtek the Basher (level 7, -1/71 HPs)
             Began as a Minotaur Fighter on Dec 31, 2017.
             Was a Follower of Trog.
             Slain by a sixfirhy (5 damage)
             ... summoned by a kobold demonologist
             ... in the Dungeon (Sprint I: "Red Sonja").
             The game lasted 00:01:29 (627 turns).

wojtek the Basher (Minotaur Fighter)                 Turns: 627, Time: 00:01:29

Health: -1/71      AC: 11    Str: 22    XL:     7   Next: 91%
Magic:  6/6        EV:  9    Int:  5    God:    Trog [*.....]
Gold:   419        SH: 11    Dex: 10    Spells: 6/6 levels left

rFire    . . .     SeeInvis .   a - +0 flail
rCold    . . .     Gourm    .   c - +0 shield
rNeg     . . .     Faith    .   n - +0 chain mail
rPois    .         Spirit   .   (helmet restricted)
rElec    .         Reflect  .   (no cloak)
rCorr    .         Harm     .   (no gloves)
MR       .....     NoTele   +   (no boots)
Stlth    ..........             (no amulet)
Regen    0.3/turn               (no ring)
MPRegen  0.1/turn               (no ring)

@: no status effects
A: retaliatory headbutt, horns 2
a: Berserk, Burn Spellbooks, Renounce Religion


You were in the Dungeon.
You worshipped Trog.
Trog was aware of your devotion.
You were not hungry.

You visited 1 branch You collected 419 gold pieces.

Inventory:

Hand Weapons
 a - a +0 flail (weapon)
Armour
 b - a +0 scale mail
 c - a +0 shield (worn)
 n - a +0 chain mail (worn)
Wands
 l - a wand of random effects (30/48)
Scrolls
 k - a scroll of blinking
Potions
 d - a potion of might
 e - a potion of curing
 h - a potion of haste
 i - 2 potions of magic
 j - a potion of berserk rage
 m - a potion of ambrosia {unknown}
Comestibles
 f - a bread ration
 o - a royal jelly


   Skills:
 + Level 9.7 Fighting
 * Level 12.7 Maces & Flails
 + Level 9.8 Armour
 + Level 6.4 Dodging
 + Level 8.1 Shields


You had 6 spell levels left.
You didn't know any spells.

Dungeon Overview and Level Annotations

Branches:
Dungeon (1/1)

Altars:
Cheibriados
Dithmenos
Elyvilon
Fedhas
Gozag
Hepliaklqana
Kikubaaqudgha
Makhleb
Nemelex Xobeh
Okawaru
Qazlal
Ru
Sif Muna
Trog
Uskayaw
Vehumet
Xom
Yredelemnul
Zin
The Shining One
Jiyva
Lugonu

Shops:
D [


Innate Abilities, Weirdness & Mutations

You reflexively headbutt those who attack you in melee.
You have a pair of horns on your head.


Message History

The sixfirhy shocks you!
* * * LOW HITPOINT WARNING * * *
The red devil barely misses you.
The kobold demonologist hits you but does no damage.
The crimson imp barely misses you. You furiously retaliate!
You headbutt the crimson imp.
You feel much better. You block the sixfirhy's attack. The sixfirhy hits you.
* * * LOW HITPOINT WARNING * * *
The sixfirhy shocks you!
* * * LOW HITPOINT WARNING * * *
You block the sixfirhy's attack. x2
The red devil hits you from afar with a trident.
* * * LOW HITPOINT WARNING * * *
The kobold demonologist casts a spell.
The crimson imp blinks!
You hit the kobold demonologist.
You headbutt the kobold demonologist, but do no damage.
The kobold demonologist is heavily wounded.
You block the sixfirhy's attack. The sixfirhy hits you.
You die...

#####################
.)..#..'..#__#4§@35.#
.#..').#..'.5'..#K5.#
###'#####'#__####.4.+
##..#...#.#### ####
_####..##.#
____##'#..+
.∩...'..._#
..__##_.#'#
____###+#.#


You could see an ice devil, a kobold demonologist, a sixfirhy, a red devil, a
crimson imp and 2 ufetubi.

Vanquished Creatures
  A kobold demonologist (D)
  A slime creature (D)
  Sigmund (D)
  A yak (D)
  A floating eye (D)
  An ogre (D)
  A jelly (D)
  Ijyb (D)
8 creatures vanquished.

Vanquished Creatures (others)
  A gargoyle (D)
1 creature vanquished.

Grand Total: 9 creatures vanquished

Notes
Turn   | Place    | Note
-------+----------+-------------------------------------------
     0 | D        | wojtek the Minotaur Fighter began the quest for the Orb.
     0 | D        | Reached XP level 1. HP: 19/19 MP: 0/0
     1 | D        | Noticed Ijyb
     9 | D        | Killed Ijyb
     9 | D        | Reached skill level 5 in Maces & Flails
     9 | D        | Reached skill level 5 in Armour
     9 | D        | Reached XP level 2. HP: 24/28 MP: 1/1
    28 | D        | Killed a gargoyle
    62 | D        | Noticed an ogre
    69 | D        | Killed an ogre
    69 | D        | Reached skill level 8 in Maces & Flails
    69 | D        | Reached XP level 3. HP: 14/38 MP: 2/2
    69 | D        | Reached XP level 4. HP: 17/45 MP: 3/3
   251 | D        | Noticed Sigmund
   256 | D        | Killed Sigmund
   256 | D        | Reached skill level 9 in Maces & Flails
   256 | D        | Reached skill level 5 in Shields
   256 | D        | Reached XP level 5. HP: 48/52 MP: 4/4
   278 | D        | Found a burning altar of Makhleb.
   278 | D        | Found a viscous altar of Jiyva.
   278 | D        | Found a shimmering altar of Xom.
   278 | D        | Found a corrupted altar of Lugonu.
   278 | D        | Noticed a slime creature
   286 | D        | Killed a slime creature
   286 | D        | Reached skill level 11 in Maces & Flails
   286 | D        | Reached XP level 6. HP: 25/62 MP: 5/5
   469 | D        | Found a deep blue altar of Sif Muna.
   471 | D        | Found a radiant altar of Vehumet.
   491 | D        | Found Itutue's Armour Emporium.
   491 | D        | Found an ancient bone altar of Kikubaaqudgha.
   491 | D        | Found a hazy altar of Hepliaklqana.
   491 | D        | Found a stormy altar of Qazlal.
   491 | D        | Found a hide-covered altar of Uskayaw.
   491 | D        | Found a blossoming altar of Fedhas.
   491 | D        | Found a bloodstained altar of Trog.
   491 | D        | Found an iron altar of Okawaru.
   491 | D        | Found a basalt altar of Yredelemnul.
   491 | D        | Found a glowing golden altar of the Shining One.
   491 | D        | Found a snail-covered altar of Cheibriados.
   491 | D        | Found a sacrificial altar of Ru.
   491 | D        | Found a glowing silver altar of Zin.
   491 | D        | Found a shadowy altar of Dithmenos.
   491 | D        | Found a white marble altar of Elyvilon.
   491 | D        | Noticed a yak
   498 | D        | Killed a yak
   498 | D        | Reached skill level 5 in Dodging
   498 | D        | Reached XP level 7. HP: 47/70 MP: 6/6
   500 | D        | Found an opulent altar of Gozag.
   513 | D        | Found a sparkling altar of Nemelex Xobeh.
   518 | D        | Became a worshipper of Trog the Wrathful
   607 | D        | Noticed a kobold demonologist
   608 | D        | Noticed a kobold demonologist
   610 | D        | Reached skill level 12 in Maces & Flails
   612 | D        | Noticed a sixfirhy
   619 | D        | Noticed a red devil
   621 | D        | Noticed a hellwing
   622 | D        | Killed a kobold demonologist
   622 | D        | Reached * piety under Trog
   625 | D        | HP: 2/71 [sixfirhy[a kobold demonologist] (11)]
   627 | D        | Noticed an ice devil
   627 | D        | Slain by a sixfirhy

Skill      XL: |  1  2  3  4  5  6  7 |
---------------+----------------------+-----
Fighting       | 4 6 7 8 9 |  9.7
Maces & Flails | 5 8 9 11 12 | 12.7
Armour         | 5 6 7 8 9 |  9.8
Dodging        | 3 4 5 6 |  6.4
Shields        | 5 6 7 8 |  8.1

Action                   |  1- 3 |  4- 6 |  7- 9 || total
-------------------------+-------+-------+-------++-------
Melee: Flail             |    12 |    20 |    18 ||    50
       Headbutt          |     3 |     5 |     1 ||     9
  Use: Potion            |       |       |     1 ||     1
Armor: Scale mail        |     3 |       |       ||     3
       Chain mail        |       |     7 |     8 ||    15
Dodge: Dodged            |     2 |     2 |     4 ||     8
Block: Shield            |     6 |     1 |    11 ||    18
